 Dungeon Crawl Stone Soup version 0.25-b1-23-ge2ad7d536c (webtiles) character file.

Game seed: 13162929368960786594, levelgen mode: deterministic

870 Esekla the Magician (level 8, -3/51 HPs)
             Began as an Octopode Wizard on June 3, 2020.
             Slain by an orc warrior
             ... wielding a cursed -2 trident
              (15 damage)
             ... on level 6 of the Dungeon.
             The game lasted 00:34:34 (4901 turns).

Esekla the Magician (Octopode Wizard)               Turns: 4901, Time: 00:34:35

Health: -3/51      AC:  1    Str:  8    XL:     8   Next: 3%
Magic:  15/15      EV: 14    Int: 21    God:
Gold:   207        SH:  0    Dex: 10    Spells: 8/17 levels left

rFire    . . .     SeeInvis .   p - +3 falchion
rCold    + . .     Gourm    .   (no shield)
rNeg     . . .     Faith    .   a - +0 hat
rPois    +         Spirit   .   (no amulet)
rElec    .         Reflect  .   r - ring of Nemelex Xobeh's Favour {rC+ rCorr}
rCorr    +         Harm     .   D - ring of poison resistance
MR       .....                  (no ring)
Stlth    +++.......             (no ring)
HPRegen  0.17/turn              (no ring)
MPRegen  0.14/turn              (no ring)
                                (no ring)
                                (no ring)

@: no status effects
A: almost no armour, stealthy swim, amphibious, 8 rings, constrict 8, camouflage
1, gelatinous body 1
a: no special abilities


You were on level 6 of the Dungeon.
You were hungry.

You visited 1 branch of the dungeon, and saw 6 of its levels.

You collected 207 gold pieces.

Inventory:

Hand Weapons
 h - a +2 dagger of speed
 i - a +0 short sword of holy wrath
 p - a +3 falchion (weapon)
 y - a +4 dagger
Missiles
 s - 3 curare-tipped darts (quivered)
 B - 5 boomerangs
 C - 20 poisoned darts
 F - 4 boomerangs of dispersal
Armour
 a - a +0 hat (worn)
Jewellery
 r - the ring of Nemelex Xobeh's Favour (left tentacle) {rC+ rCorr}
   (You found it on level 4 of the Dungeon)

   [ring of resist corrosion]

   It protects you from cold.
   It provides partial protection from all sources of acid and corrosion.
 D - a ring of poison resistance (right tentacle)
Wands
 l - a wand of disintegration (21)
 w - a wand of acid (9)
 E - a wand of random effects (21)
Scrolls
 b - a scroll of noise {unknown}
 d - a scroll of fog {unknown}
 o - a scroll of magic mapping {unknown}
 q - a scroll of teleportation
 v - a scroll of random uselessness {unknown}
 x - 2 scrolls of identify
 z - 3 scrolls of remove curse {unknown}
 A - 2 scrolls of enchant armour {unknown}
Potions
 e - a potion of heal wounds
 f - a potion of mutation
 g - a potion of cancellation
 j - a potion of stabbing {unknown}
 k - 2 potions of curing
 m - a potion of brilliance {unknown}
 n - a potion of resistance
 t - a potion of might {unknown}
 u - 4 potions of lignification {unknown}
Comestibles
 c - 11 rations


   Skills:
 + Level 2.3 Fighting
 - Level 1.3(2.3) Short Blades
 * Level 2.8(3.0) Long Blades
 * Level 3.1 Dodging
 - Level 2.6 Stealth
 * Level 5.0 Spellcasting
 + Level 2.3 Conjurations
   Level 1.0 Summonings
 * Level 3.1 Translocations
 * Level 2.3 Air Magic
 * Level 3.0 Poison Magic


You had 8 spell levels left.
You knew the following spells:

 Your Spells              Type           Power        Failure   Level  Hunger
a - Magic Dart            Conj           ###.         4%          1    None
b - Blink                 Tloc           N/A          4%          2    None
c - Mephitic Cloud        Conj/Pois/Air  ###.....     11%         3    ##.....
f - Conjure Flame         Conj/Fire      ##......     21%         3    ##.....

Your spell library contained the following spells:

 Spells                   Type           Power        Failure   Level  Hunger
 Call Imp                 Summ           #.......     11%         2    None
 Slow                     Hex            #.......     16%         2    None


Dungeon Overview and Level Annotations

Branches:
Dungeon (6/15)             Temple (0/1) D:6

Altars:
Ashenzari
Okawaru
Qazlal
Ru
Sif Muna
Trog
Xom
Zin
The Shining One

Annotations:
D:3 Purgy


Innate Abilities, Weirdness & Mutations

You cannot wear most types of armour.
You are very stealthy in the water. (Stealth+)
You are amphibious.
You can wear up to eight rings at the same time.
You can use your tentacles to constrict eight enemies at once.
Your skin changes colour to match your surroundings (Stealth+).
Your rubbery body absorbs attacks. (AC +1, EV +1)


Message History

Things that are here:
a +0 spear; a hound corpse; a gnoll corpse A bullfrog, a gnoll and a zombie come into view.
The gnoll shouts!
You hear an angry hiss.
The gnoll moves out of view.
The worker ant zombie moves out of view.
The gnoll hits you from afar with a +0 spear!
Found a bloodstained altar of Trog.
An orc comes into view. It is wielding a +0 dagger.
The orc warrior shouts!
You hear a shout! x3
An orc comes into view. It is wielding a +0 short sword.
The gnoll hits you with a +0 spear!
You barely miss the gnoll.
The orc shouts!
You grab the gnoll. You constrict the gnoll.
The orc warrior hits you from afar with a cursed -2 trident!!
* * * LOW HITPOINT WARNING * * *
The gnoll barely misses you.
The orc warrior hits you from afar with a cursed -2 trident!
You die...

...##..._ ...♣ ..o
#.... .... o. #....
._.o. . #.### ....o
.### #..#. g...
.......... .o#
##....##..# #g###.#
#.##..# #@#..#
#g##..##### ##.#.#
#.##..##...
#.#.###>##..##.##
#####........F..##.#
#.......###.###.##.##
......#.#.##.........#
##.##..###.......##..#
........#.#########..#
########.## #####..#


You could see an orc warrior, an orc wizard (wandering), 2 gnolls and an orc.

Vanquished Creatures
  Sigmund (D:3)
  2 ogres
  A necrophage (D:5)
  A howler monkey (D:5)
  4 hounds
  A bullfrog skeleton (D:5)
  2 orc wizards (D:5)
  An iguana (D:4)
  A hound zombie (D:6)
  A worker ant zombie (D:6)
  2 gnolls (D:6)
  5 adders
  A shadow imp (D:6)
  An ooze (D:4)
  4 worms
  2 leopard geckos
  12 orcs
  5 giant cockroaches
  3 goblins
  7 hobgoblins
  5 jackals (D:3)
  12 kobolds
  2 quokkas (D:2)
  A ball python (D:5)
  3 bats
  7 frilled lizards
  9 rats
96 creatures vanquished.

Notes
Turn   | Place    | Note
-------+----------+-------------------------------------------
     0 | D:1      | Esekla the Octopode Wizard began the quest for the Orb.
     0 | D:1      | Reached XP level 1. HP: 11/11 MP: 4/4
   364 | D:1      | Reached XP level 2. HP: 15/17 MP: 3/6
   368 | D:1      | Learned a level 2 spell: Blink
  1217 | D:2      | Reached XP level 3. HP: 22/22 MP: 4/8
  1334 | D:2      | Learned a level 3 spell: Mephitic Cloud
  1338 | D:2      | Learned a level 3 spell: Conjure Flame
  1368 | D:2      | Found a stormy altar of Qazlal.
  1413 | D:2      | Found a glowing golden altar of the Shining One.
  1623 | D:2      | Reached skill level 4 in Spellcasting
  1623 | D:2      | Reached XP level 4. HP: 20/27 MP: 2/10
  1945 | D:2      | Found a shimmering blue altar of Sif Muna.
  2199 | D:3      | Noticed Purgy
  2376 | D:3      | Noticed Sigmund
  2386 | D:3      | Killed Sigmund
  2386 | D:3      | Reached skill level 1 in Fighting
  2386 | D:3      | Reached skill level 1 in Short Blades
  2386 | D:3      | Reached skill level 1 in Air Magic
  2386 | D:3      | Reached skill level 1 in Poison Magic
  2386 | D:3      | Reached XP level 5. HP: 29/33 MP: 7/11
  2386 | D:3      | Reached XP level 6. HP: 33/38 MP: 7/12
  2489 | D:3      | Found an iron altar of Okawaru.
  2628 | D:3      | You fall into a shaft and drop 1 floor!
  2628 | D:4      | Found a sacrificial altar of Ru.
  2628 | D:4      | Found a shimmering altar of Xom.
  2677 | D:4      | Got a clouded platinum ring
  2678 | D:4      | Identified the ring of Nemelex Xobeh's Favour {rC+ rCorr}
                  | (You found it on level 4 of the Dungeon)
  3413 | D:5      | Entered Level 5 of the Dungeon
  3480 | D:5      | Reached skill level 1 in Long Blades
  3480 | D:5      | Reached XP level 7. HP: 33/44 MP: 8/14
  4512 | D:5      | Reached skill level 5 in Spellcasting
  4692 | D:6      | Found a glowing silver altar of Zin.
  4778 | D:6      | Reached XP level 8. HP: 42/51 MP: 3/15
  4795 | D:6      | Found a shattered altar of Ashenzari.
  4861 | D:6      | Found a staircase to the Ecumenical Temple.
  4899 | D:6      | Found a bloodstained altar of Trog.
  4901 | D:6      | Slain by an orc warrior

Illustrated notes

Levels and vault maps discovered:
D:1:      ncdulo_lavacross, layout_loops_ring
D:2:      layout_rooms, nicolae_tso_carved_into_rock, lemuel_round_altar,
          lemuel_blue_sif_altar, first_ration
D:3:      layout_loops_cross, okawaru_ov_weapons_minmay,
          gammafunk_ghost_cemetery, uniq_sigmund, uniq_purgy
D:4:      layout_loops_ring, amethyst_overflow_temple_binary
D:5:      layout_loops_ring
D:6:      layout_loops_ring, kennysheep_mini, grunt_temple_overflow_open,
          minmay_temple_entry_from_below_b, basic_altar

Skill      XL: |  1  2  3  4  5  6  7 |
---------------+----------------------+-----
Spellcasting   | 4 5 |  5.0
Fighting       | 1 2 |  2.3
Short Blades   | 1 |  1.3
Translocations | 2 3 |  3.1
Air Magic      | 1 2 |  2.3
Poison Magic   | 1 2 3 |  3.0
Conjurations   | 2 |  2.3
Long Blades    | 1 2 |  2.8
Dodging        | 3 |  3.1
Stealth        | |  2.6
Summonings     | |  1.0

Action                   |  1- 3 |  4- 6 |  7- 9 || total
-------------------------+-------+-------+-------++-------
Melee: Short sword       |    18 |       |       ||    18
       Constrict         |    13 |    15 |    19 ||    47
       Unarmed           |     1 |       |       ||     1
       Dagger            |    30 |    53 |       ||    83
       Tentacles         |     5 |    14 |    13 ||    32
       Falchion          |       |    30 |    70 ||   100
 Cast: Magic Dart        |    46 |    43 |    12 ||   101
       Mephitic Cloud    |       |     2 |     2 ||     4
  Use: Scroll            |     3 |     4 |       ||     7
 Stab: Sleeping          |     8 |     9 |     3 ||    20
       Confused          |       |     2 |     1 ||     3
       Distracted        |       |       |     1 ||     1
  Eat: Chunk             |     2 |     6 |     4 ||    12
Armor: Skin              |     2 |     1 |     5 ||     8
Dodge: Dodged            |    36 |    35 |    38 ||   109
       Rpst.: Falchion   |       |     5 |     6 ||    11
